[Event "Team 45 45 League T60"]
[Site "Internet Chess Club"]
[Date "2014.03.01"]
[Round "1"]
[White "Tjet"]
[Black "dscvdchk"]
[Result "0-1"]
[WhiteElo "1544"]
[BlackElo "1516"]
[Opening "English opening"]
[ECO "A20"]
[Time "21:01:56"]
[TimeControl "2700+45"]

1. c4 e5 2. g3 Nf6 3. Bg2 d5 4. cxd5 Nxd5 5. Nc3 Nb6 6. Nf3 Nc6 7. d3 Be7 8. O-O
O-O 9. a3 Be6 10. Be3 f5 11. Rc1 Nd5 12. Nxd5 Bxd5 13. Bc5 Bxc5 14. Rxc5 Qd6 15.
Qc1 Rae8 16. e3 Rd8 17. Rd1 f4 18. e4 Bxe4 19. Re1 Bxf3 20. Bxf3 fxg3 21. Bd5+
Kh8 22. hxg3 Nd4 23. Rf1 Ne2+ 24. Kg2 Nxc1 25. Rfxc1 b6 {White resigns} 0-1

[Event "Team 45 45 League T60"]
[Site "Internet Chess Club"]
[Date "2014.02.28"]
[Round "1"]
[White "PostMike"]
[Black "KingOfClubs"]
[Result "1-0"]
[WhiteElo "1407"]
[BlackElo "1299"]
[Opening "Giuoco Piano"]
[ECO "C54"]
[Time "14:30:46"]
[TimeControl "2700+45"]

1. e4 e5 2. Nf3 Nc6 3. Bc4 Bc5 4. c3 Nf6 5. d3 d6 6. O-O O-O 7. Nbd2 Bg4 8. h3
Bh5 9. b4 Bb6 10. a4 a6 11. Qb3 Ne7 12. Re1 Bxf3 13. Nxf3 Ng6 14. a5 Ba7 15. Be3
b5 16. axb6 Bxb6 17. Bxb6 cxb6 18. Rxa6 Rxa6 19. Bxa6 Nf4 20. Kh2 Qc7 21. Bc4 d5
22. exd5 Nxd3 23. Bxd3 e4+ 24. g3 exd3 25. c4 Rc8 26. Nd2 Qa7 27. Qxd3 b5 28. c5
Qa4 29. Qd4 Qa2 30. d6 Qd5 31. Qxd5 Nxd5 32. Re4 Nf6 33. Rd4 Nd7 34. Nb3 f5 35.
Na5 Kf7 36. f4 Ke6 37. c6 Rd8 38. cxd7 Rxd7 39. Kg2 Rxd6 40. Rxd6+ Kxd6 41. Kf3
Kd5 42. Ke3 h6 43. h4 h5 44. Kd3 g6 45. Nb3 {Black resigns} 1-0

[Event "Team 45 45 League T60"]
[Site "Internet Chess Club"]
[Date "2014.03.02"]
[Round "1"]
[White "arconia"]
[Black "Aquaman"]
[Result "1-0"]
[WhiteElo "1310"]
[BlackElo "1369"]
[Opening "Robatsch (modern) defense"]
[ECO "B06"]
[Time "15:01:51"]
[TimeControl "2700+45"]

1. e4 g6 2. Nf3 Bg7 3. Be2 c5 4. O-O Nc6 5. d3 d6 6. Nc3 Nf6 7. h3 Rf8 8. Nh2
Bd7 9. a3 e5 10. Be3 Nd4 11. b4 b6 12. Bxd4 cxd4 13. Na2 Ng8 14. c3 f5 15. cxd4
exd4 16. Nf3 fxe4 17. dxe4 d3 18. Qxd3 Bxa1 19. Rxa1 Qf6 20. Nc3 Bc6 21. Rf1 Ne7
22. Nd4 Rc8 23. Ndb5 Bxb5 24. Nxb5 Rc6 25. Nxa7 Rc3 26. Qb5+ Kf7 27. a4 Kg7 28.
Qxb6 Rc1 29. Rxc1 Qf4 30. Qc7 Qxf2+ 31. Kh2 Qf4+ 32. Kh1 Kf6 33. Rf1 Qxf1+ 34.
Bxf1 Rf7 35. Qxd6+ Kg7 36. Bc4 {Black resigns} 1-0

[Event "Team 45 45 League T60"]
[Site "Internet Chess Club"]
[Date "2014.03.03"]
[Round "1"]
[White "wildcat2023"]
[Black "Bryant-L"]
[Result "0-1"]
[WhiteElo "1475"]
[BlackElo "1609"]
[Opening "French: advance, Paulsen attack"]
[ECO "C02"]
[Time "19:30:30"]
[TimeControl "2700+45"]

1. e4 e6 2. d4 d5 3. e5 c5 4. c3 Nc6 5. Nf3 Qb6 6. b3 Bd7 7. Bb2 Nh6 8. Bd3 cxd4
9. cxd4 Bb4+ 10. Nbd2 f5 11. a3 Be7 12. O-O Nf7 13. b4 O-O-O 14. Rc1 Kb8 15. Bc3
a6 16. Nb3 g5 17. h3 Rdg8 18. Nh2 h5 19. g4 hxg4 20. hxg4 Rh6 21. f3 Nfxe5 22.
Rf2 Nxd3 23. Qxd3 Rgh8 24. Nc5 Bxc5 25. dxc5 Qc7 26. Qe2 d4 27. Bd2 f4 28. a4
Qe5 29. Qc4 Ne7 30. Re1 Qd5 31. Qc2 Rh3 32. Bc1 Rg3+ 33. Kf1 Bxa4 34. Qb2 Bb5+
35. Ree2 Rhh3 36. Qd2 Rxh2 37. Rxh2 Qxf3+ 38. Rf2 Qh1# {White checkmated} 0-1

[Event "Team 45 45 League T60"]
[Site "Internet Chess Club"]
[Date "2014.03.01"]
[Round "1"]
[White "Manch"]
[Black "MateMaster"]
[Result "1-0"]
[WhiteElo "1641"]
[BlackElo "1522"]
[Opening "Nimzo-Indian: Sämisch variation"]
[ECO "E27"]
[Time "09:42:41"]
[TimeControl "2700+45"]

1. d4 Nf6 2. c4 e6 3. Nc3 Bb4 4. a3 Bxc3+ 5. bxc3 O-O 6. Bg5 d5 7. cxd5 exd5 8.
Nf3 Bf5 9. e3 Nbd7 10. Bd3 Bg4 11. h3 Bh5 12. g4 Bg6 13. Ne5 Bxd3 14. Qxd3 Qc8
15. Nxd7 Nxd7 16. h4 f6 17. Bf4 Nb6 18. g5 fxg5 19. hxg5 Qf5 20. Qxf5 Rxf5 21.
Kd2 c6 22. Ke2 Nc4 23. Rh3 g6 24. a4 Raf8 25. f3 Re8 26. Kf2 a6 27. Rb1 Na5 28.
Rg3 Re7 29. Be5 Nc4 30. Bf4 Kg7 31. Rh3 Kg8 32. Rhh1 Kg7 33. Rb4 a5 34. Rbb1 Kg8
35. Rh4 Kh8 36. e4 dxe4 37. fxe4 Rxe4 38. Kg3 b6 39. Be5+ Rfxe5 40. dxe5 Re3+
41. Kf2 Rf3+ 42. Kg2 Rxc3 43. e6 Kg7 44. e7 Nd6 45. Rxb6 Rc2+ 46. Kf3 Rc3+ 47.
Ke2 Rc2+ 48. Kd3 Rc5 49. Rd4 Ne8 50. Rb8 Kf7 51. Rf4+ Kxe7 52. Re4+ Kd7 53.
Rbxe8 Rxg5 54. R8e7+ Kd6 55. Rxh7 c5 56. Kc4 Rg1 57. Kb5 g5 58. Kxa5 Kc6 59. Re5
g4 60. Rh6+ Kd7 61. Rxc5 g3 62. Rg5 Re1 63. Rg7+ Re7 64. Rxe7+ Kxe7 65. Rg6 g2
66. Rxg2 Kf6 67. Kb5 Ke5 68. a5 Kd4 69. a6 Kc3 70. a7 Kb3 71. a8=Q Kc3 72. Rg3+
Kd4 73. Qd8+ Ke4 74. Qh4+ Kd5 75. Rg5+ Ke6 76. Qh6+ Kd7 77. Rg7+ Ke8 78. Qh8#
{Black checkmated} 1-0

[Event "Team 45 45 League T60"]
[Site "Internet Chess Club"]
[Date "2014.02.27"]
[Round "1"]
[White "moodle"]
[Black "QuimCatala"]
[Result "1-0"]
[WhiteElo "1483"]
[BlackElo "1322"]
[Opening "Four knights: Ranken variation"]
[ECO "C48"]
[Time "16:17:52"]
[TimeControl "2700+45"]

1. e4 e5 2. Nf3 Nc6 3. Nc3 Nf6 4. Bb5 a6 5. Bxc6 bxc6 6. Nxe5 Qe7 7. d4 Bb7 8.
Bg5 d6 9. Nf3 Qe6 10. O-O Be7 11. Re1 Rd8 12. Nh4 h6 13. Nf5 Rg8 14. Nxe7 Qxe7
15. e5 Kd7 16. exf6 Qxe1+ 17. Qxe1 hxg5 18. fxg7 Rxg7 19. Qd2 f6 20. Re1 Kc8 21.
Re6 f5 22. Qe2 Rgg8 23. Re7 Kb8 24. h3 d5 25. Na4 Bc8 26. Nc5 g4 27. hxg4 fxg4
28. Nxa6+ Bxa6 29. Qxa6 Rd6 30. Qa5 Rc8 31. Qb4+ Ka7 32. Rxc7+ Rxc7 33. Qxd6 Kb7
34. a4 Kb6 35. a5+ Kb7 36. Qb4+ Kc8 37. a6 Kd7 38. Qb6 Kd6 39. a7 Rxa7 40. Qxa7
Ke6 41. b4 {Black resigns} 1-0

[Event "Team 45 45 League T60"]
[Site "Internet Chess Club"]
[Date "2014.03.01"]
[Round "1"]
[White "tamky70"]
[Black "Bizzy-Ketty"]
[Result "1-0"]
[WhiteElo "1348"]
[BlackElo "1448"]
[Opening "Nimzo-Indian: Romanishin-Kasparov (Steiner) system"]
[ECO "E00"]
[Time "20:30:40"]
[TimeControl "2700+45"]

1. d4 Nf6 2. c4 e6 3. g3 Bb4+ 4. Nc3 Nc6 5. Bg2 O-O 6. Nf3 b6 7. O-O Bb7 8. a3
Bxc3 9. bxc3 d5 10. cxd5 Nxd5 11. c4 Nf6 12. Bg5 h6 13. Bxf6 Qxf6 14. Ne5 Na5
15. Bxb7 Nxb7 16. Nd7 Qe7 17. Nxf8 Rxf8 18. e3 Rd8 19. Qa4 a5 20. Rab1 Nd6 21.
c5 Ne4 22. Rbc1 Nd2 23. Rfd1 Nf3+ 24. Kg2 Ng5 25. cxb6 cxb6 26. Qc6 Rb8 27. a4
Qe8 28. Qxe8+ Rxe8 29. Rc6 Rb8 30. Rb1 Ne4 31. Rbxb6 Rxb6 32. Rxb6 Nc3 33. Ra6
Nxa4 34. Rxa5 Nc3 35. Kf3 Kf8 36. e4 Ke7 37. Ra7+ Kf6 38. e5+ Kg6 39. g4 Nd5 40.
h4 f6 41. h5+ Kh7 42. exf6 Nxf6 43. Ra6 Kg8 44. Rxe6 Nh7 45. Ra6 Ng5+ 46. Kg3
Ne4+ 47. Kf3 Ng5+ 48. Ke3 Kf7 49. f4 Ne6 50. Rxe6 Kxe6 51. Ke4 Ke7 52. Kf5 Kf7
53. g5 hxg5 54. fxg5 Kg8 55. d5 Kf8 56. Ke6 Ke8 57. h6 gxh6 58. gxh6 Kf8 59. d6
Ke8 60. h7 Kf8 61. h8=Q# {Black checkmated} 1-0

[Event "Team 45 45 League T60"]
[Site "Internet Chess Club"]
[Date "2014.03.09"]
[Round "1"]
[White "alexping"]
[Black "Otelo"]
[Result "0-1"]
[WhiteElo "1829"]
[BlackElo "1862"]
[Opening "King's Indian defense, 3.Nc3"]
[ECO "E90"]
[Time "22:03:05"]
[TimeControl "2700+45"]

1. d4 Nf6 2. c4 g6 3. Nc3 Bg7 4. Nf3 O-O 5. e4 d6 6. h3 Na6 7. Be3 e5 8. dxe5
dxe5 9. a3 c6 10. Qc2 Qe7 11. b4 Nh5 12. g3 f5 13. Bg5 Bf6 14. Bxf6 Qxf6 15. Nd2
f4 16. g4 Ng7 17. c5 Ne6 18. Bc4 Kg7 19. Bxe6 Bxe6 20. Nf3 g5 21. O-O h5 22. Nh2
f3 23. Rad1 hxg4 24. Rd6 Qf7 25. Qd2 Qe7 26. Nxg4 Bxg4 27. hxg4 Rf4 28. Ne2 fxe2
29. Rd7 Rxg4+ {White resigns} 0-1

[Event "Team 45 45 League T60"]
[Site "Internet Chess Club"]
[Date "2014.02.26"]
[Round "1"]
[White "justice02"]
[Black "bobhill"]
[Result "1-0"]
[WhiteElo "1813"]
[BlackElo "1943"]
[Opening "English: symmetrical, main line with d3"]
[ECO "A38"]
[Time "20:30:20"]
[TimeControl "2700+45"]

1. Nf3 c5 2. c4 Nc6 3. g3 g6 4. Bg2 Bg7 5. O-O Nf6 6. Nc3 O-O 7. d3 a6 8. Rb1 d6
9. a3 Bf5 10. Bd2 Ng4 11. h3 Nge5 12. Nxe5 Bxe5 13. Bg5 Qd7 14. Kh2 Bg7 15. Nd5
Qd8 16. b4 f6 17. Be3 e6 18. g4 Bxg4 19. hxg4 exd5 20. Bxd5+ Kh8 21. bxc5 Ne5
22. f3 f5 23. Rh1 fxg4 24. Rxb7 gxf3 25. exf3 dxc5 26. Kg2 h5 27. f4 Rf5 28.
fxe5 Rxe5 29. Rxg7 Kxg7 30. Qa1 Qe7 31. Bxa8 Kh7 32. Be4 Rxe4 33. dxe4 Qxe4+ 34.
Kf2 Qc2+ 35. Kg3 Qe4 36. Bf4 Qd3+ 37. Kf2 Qc2+ 38. Kg1 Qe2 39. Qe5 Qd1+ 40. Kh2
Qc2+ 41. Kh3 Qd3+ 42. Kh4 Qxc4 43. Kg5 Qa2 44. Qe7+ Kg8 45. Kh6 {Black resigns}
1-0

[Event "Team 45 45 League T60"]
[Site "Internet Chess Club"]
[Date "2014.03.01"]
[Round "1"]
[White "Beetlejuice"]
[Black "MBAStudent"]
[Result "0-1"]
[WhiteElo "1798"]
[BlackElo "1773"]
[Opening "Benkö gambit half accepted"]
[ECO "A57"]
[Time "08:01:23"]
[TimeControl "2700+45"]

1. d4 Nf6 2. c4 c5 3. d5 b5 4. cxb5 a6 5. f3 d6 6. e4 g6 7. Na3 Bg7 8. Ne2 O-O
9. Nc3 Bd7 10. Be3 axb5 11. Bxb5 Rxa3 12. Bxd7 Rxc3 13. bxc3 Nfxd7 14. Qc2 Qa5
15. Rc1 Nb6 16. O-O Nc4 17. Bg5 Rc8 18. Qb3 Qa6 19. Bxe7 Nd2 20. Qb2 Nxf1 21.
Rxf1 Bf8 22. Bxf8 Kxf8 23. c4 Nd7 24. Rb1 Ke7 25. Qf2 h5 26. g4 hxg4 27. fxg4
Qxc4 28. Qh4+ Ke8 29. g5 Qd4+ 30. Kh1 Ke7 31. Qf4 Qe5 32. Qg4 Rh8 33. h3 Rxh3+
{White resigns} 0-1

[Event "Team 45 45 League T60"]
[Site "Internet Chess Club"]
[Date "2014.02.27"]
[Round "1"]
[White "wildkingdumb"]
[Black "misuc56"]
[Result "0-1"]
[WhiteElo "1696"]
[BlackElo "1858"]
[Opening "Nimzovich-Larsen attack: classical variation"]
[ECO "A01"]
[Time "19:00:12"]
[TimeControl "2700+45"]

1. b3 d5 2. e3 e6 3. Bb2 f5 4. Qh5+ g6 5. Qf3 Nf6 6. Qf4 Bg7 7. Qa4+ c6 8. Qa3
Kf7 9. Nf3 Re8 10. Ng5+ Kg8 11. f4 h6 12. Nf3 Nbd7 13. c4 a6 14. b4 a5 15. c5 b5
16. cxb6 Qxb6 17. Bc3 a4 18. Bd4 Qb7 19. Nc3 Bf8 20. Rb1 Qb8 21. Qb2 Bg7 22. b5
c5 23. Be5 Nxe5 24. Nxe5 Kh7 25. Qc2 c4 26. Nc6 Qd6 27. Nxa4 Bb7 28. d3 Bxc6 29.
bxc6 Qxc6 30. Nc3 cxd3 31. Bxd3 Rec8 32. Rb3 Ng4 33. Kd2 d4 34. Ne4 dxe3+ 35.
Kc1 Qxc2+ 36. Bxc2 fxe4 37. Kb1 Rc4 38. h3 Nf2 39. Re1 Bd4 40. Re2 Ra7 41. Rb8
Nd3 42. g3 Kg7 43. a4 h5 44. Ka2 h4 45. gxh4 Nxf4 46. Bb3 Rc3 47. Rh2 e2 48. Rh1
Rxh3 {White resigns} 0-1

[Event "Team 45 45 League T60"]
[Site "Internet Chess Club"]
[Date "2014.02.28"]
[Round "1"]
[White "Grebochess"]
[Black "AngryDad"]
[Result "1-0"]
[WhiteElo "1624"]
[BlackElo "1676"]
[Opening "Queen's pawn, Mason variation"]
[ECO "D00"]
[Time "13:47:14"]
[TimeControl "2700+45"]

1. d4 d5 2. Bf4 c6 3. e3 Nf6 4. c4 Nbd7 5. Nc3 e6 6. Nf3 Be7 7. c5 b6 8. b4 a5
9. a3 Ba6 10. Bxa6 Rxa6 11. b5 cxb5 12. c6 Nf8 13. Nxb5 Qc8 14. Nc7+ Kd8 15. Ng5
Bb4+ 16. axb4 Ke7 17. Nxa6 Qxa6 18. Qe2 Qc8 19. Qb5 N8d7 20. O-O {Black resigns}
1-0

[Event "Team 45 45 League T60"]
[Site "Internet Chess Club"]
[Date "2014.02.27"]
[Round "1"]
[White "badmove"]
[Black "Constrictor"]
[Result "0-1"]
[WhiteElo "1476"]
[BlackElo "1633"]
[Opening "Budapest defense"]
[ECO "A52"]
[Time "20:14:57"]
[TimeControl "2700+45"]

1. d4 Nf6 2. c4 e5 3. dxe5 Ng4 4. Qd4 d6 5. exd6 Bxd6 6. Qe4+ Be6 7. Qxb7 Nd7 8.
Bg5 f6 9. Qe4 Bb4+ 10. Nc3 Nc5 11. Qc6+ Bd7 12. Qf3 fxg5 13. Qd5 c6 14. Qd4 O-O
15. Nf3 Nxf2 16. Kxf2 g4 17. h4 gxf3 18. exf3 Ne6 19. Qe4 Qb6+ 20. Ke2 Rfe8 21.
Kd1 Rad8 22. Kc1 Nd4 23. Qf4 Re1+ 24. Nd1 Ne6 25. Qg3 Qe3+ {White resigns} 0-1

[Event "Team 45 45 League T60"]
[Site "Internet Chess Club"]
[Date "2014.03.03"]
[Round "1"]
[White "ghostfire"]
[Black "pokerram"]
[Result "1-0"]
[WhiteElo "1718"]
[BlackElo "1682"]
[Opening "Sicilian: Najdorf, Byrne (English) attack"]
[ECO "B90"]
[Time "20:00:22"]
[TimeControl "2700+45"]

1. e4 c5 2. Nf3 d6 3. d4 cxd4 4. Nxd4 Nf6 5. Nc3 a6 6. Be3 e5 7. Nb3 Be6 8. Be2
Be7 9. O-O O-O 10. Kh1 d5 11. exd5 Nxd5 12. Nxd5 Bxd5 13. Qe1 Qc7 14. c3 Nd7 15.
Rd1 Be6 16. f4 f6 17. f5 Bxb3 18. axb3 b5 19. Qg3 Rfd8 20. Qh4 Nc5 21. b4 Na4
22. Rb1 Rac8 23. Rf3 Bf8 24. Rh3 h6 25. Rg3 Nxc3 26. bxc3 Qxc3 27. Bc5 Qc2 28.
Re1 Rxc5 29. bxc5 Qd2 30. Rf3 Bxc5 31. h3 Rd4 32. Qg3 Bd6 33. Rff1 e4 34. Qb3+
Kh7 35. Bh5 Rd3 36. Bg6+ Kh8 37. Rc1 Bf8 38. Rc8 Rd8 39. Rxd8 Qxd8 40. Rd1 Qc8
41. Qd5 Be7 42. Qd7 Qf8 43. Rc1 e3 44. Rc8 e2 45. Rxf8+ Bxf8 46. Qe8 {Black
resigns} 1-0

[Event "Team 45 45 League T60"]
[Site "Internet Chess Club"]
[Date "2014.03.02"]
[Round "1"]
[White "mugurelt"]
[Black "wildkingdumb"]
[Result "0-1"]
[WhiteElo "1696"]
[BlackElo "1763"]
[Opening "Grünfeld: modern exchange variation"]
[ECO "D70"]
[Time "15:03:45"]
[TimeControl "2700+45"]

1. c4 Nf6 2. Nf3 g6 3. d4 d5 4. cxd5 Nxd5 5. Nc3 Nxc3 6. bxc3 Bg7 7. e4 O-O 8.
Be2 c5 9. O-O Nc6 10. Bb2 Bg4 11. dxc5 Qa5 12. Nd4 Bxe2 13. Qxe2 Qxc5 14. Nb3
Qb6 15. Rab1 Qc7 16. f4 Rfd8 17. Kh1 Na5 18. Nd4 a6 19. e5 e6 20. h4 Qc4 21.
Qxc4 Nxc4 22. Rf2 Nxb2 23. Rfxb2 b5 24. Nc6 Rd3 25. Rc1 Bf8 26. Nd4 Ba3 27. Rbc2
Bxc1 28. Rxc1 Rc8 29. Ne2 Rd2 30. Nd4 Rxa2 31. Nf3 b4 32. c4 b3 33. Rb1 b2 34.
Kh2 Rxc4 {White resigns} 0-1

[Event "Team 45 45 League T60"]
[Site "Internet Chess Club"]
[Date "2014.03.02"]
[Round "1"]
[White "calsal"]
[Black "RD1974"]
[Result "1-0"]
[WhiteElo "1722"]
[BlackElo "1654"]
[Opening "Sicilian: Alapin's variation (2.c3)"]
[ECO "B22"]
[Time "17:03:54"]
[TimeControl "2700+45"]

1. e4 c5 2. c3 Nf6 3. e5 Ng8 4. d4 cxd4 5. cxd4 e6 6. Nf3 d5 7. Bd3 Nc6 8. a3
Qb6 9. Nc3 a6 10. O-O Bd7 11. Be3 Nh6 12. b4 Ne7 13. Bxh6 gxh6 14. Rc1 Qd8 15.
h3 b5 16. Nh2 Ng6 17. Ng4 Bg7 18. Qf3 Nh4 19. Qf4 Qg5 20. Qg3 Ng6 21. f4 Qh4 22.
Qxh4 Nxh4 23. Ne2 h5 24. Ne3 Ng6 25. Rc7 Ke7 26. f5 Nxe5 27. dxe5 Bxe5 28. Rc2
d4 29. Nd1 f6 30. fxe6 Bxe6 31. Nf2 f5 32. Nd1 Kd6 33. Bxf5 Bd5 34. Rd2 Rhg8 35.
Rf2 Raf8 36. g4 hxg4 37. Bxg4 h5 38. Rxf8 Rxf8 39. Bxh5 Rg8+ 40. Bg4 Bf3 41. Nf2
Kd5 42. Kf1 Bxg4 43. hxg4 Rf8 44. Ke1 Rf3 45. Rd3 Rf8 46. Rh3 Ra8 47. Rh5 a5 48.
Nd3 axb4 49. Rxe5+ Kc4 50. Nxb4 Rxa3 51. Nc2 Rh3 52. Nexd4 b4 53. Kf2 b3 54.
Nxb3 Rxb3 55. Ne3+ Kd4 56. Re8 Rb5 57. Kf3 Rb3 58. Kf4 Rb1 59. Rd8+ Kc5 60. g5
Rg1 61. Kf5 Rg3 62. g6 Rxe3 63. g7 Kb4 64. g8=Q Kc3 65. Rc8+ Kd2 66. Qd5+ Ke2
67. Rc2+ Ke1 68. Qh1# {Black checkmated} 1-0

[Event "Team 45 45 League T60"]
[Site "Internet Chess Club"]
[Date "2014.02.28"]
[Round "1"]
[White "noblitz-oblige"]
[Black "alexine"]
[Result "1-0"]
[WhiteElo "1601"]
[BlackElo "1636"]
[Opening "Giuoco Pianissimo"]
[ECO "C55"]
[Time "13:01:13"]
[TimeControl "2700+45"]

1. e4 e5 2. Nf3 Nc6 3. Bc4 Nf6 4. d3 Bc5 5. c3 d6 6. h3 Na5 7. Qa4+ c6 8. Bxf7+
Kxf7 9. b4 b5 10. Qc2 Bxf2+ 11. Qxf2 Nb7 12. Nbd2 Rf8 13. Nf1 Kg8 14. Ng3 h6 15.
O-O Qe7 16. Be3 c5 17. Nh4 cxb4 18. Ng6 Qf7 19. Nxf8 Qxf8 20. cxb4 Bd7 21. Bxh6
Nh7 22. Qxf8+ Rxf8 23. Rxf8+ Nxf8 24. Be3 a6 25. Rc1 Ne6 26. Nf5 Kf7 27. Rf1 Kg8
28. Ba7 Ned8 29. Rc1 Nc6 30. Bb6 g6 31. Rxc6 Bxc6 32. Ne7+ Kf7 33. Nxc6 Ke8 34.
Na5 Nxa5 35. Bxa5 Kd7 36. g4 Ke6 37. Kf2 g5 38. Kg3 Kf6 39. Bc7 Ke6 40. h4 gxh4+
41. Kxh4 Kd7 42. Kg5 Kxc7 43. Kf6 Kd7 44. Kf7 d5 45. g5 dxe4 46. dxe4 Kd6 47. g6
{Black resigns} 1-0

[Event "Team 45 45 League T60"]
[Site "Internet Chess Club"]
[Date "2014.03.01"]
[Round "1"]
[White "stantheman59"]
[Black "TimeCo"]
[Result "0-1"]
[WhiteElo "1237"]
[BlackElo "1390"]
[Opening "Pirc: classical (two knights) system"]
[ECO "B08"]
[Time "13:00:48"]
[TimeControl "2700+45"]

1. e4 d6 2. d4 Nf6 3. Nc3 g6 4. Nf3 Bg4 5. Be2 Bg7 6. Bf4 Bxf3 7. Bxf3 Nbd7 8.
Qe2 e5 9. dxe5 Nxe5 10. Rd1 Nfd7 11. O-O O-O 12. b4 Nxf3+ 13. Qxf3 Ne5 14. Qe2
Qf6 15. Nd5 Qd8 16. Rd2 a6 17. Rfd1 b5 18. Bxe5 Bxe5 19. Ne3 Qh4 20. Ng4 Rae8
21. Rd3 f5 22. g3 Qxg4 23. Qxg4 fxg4 24. a4 Rf3 25. axb5 axb5 26. Kg2 Ref8 27.
Rxf3 gxf3+ 28. Kh3 h5 29. Ra1 Bxa1 {White resigns} 0-1

[Event "Team 45 45 League T60"]
[Site "Internet Chess Club"]
[Date "2014.02.28"]
[Round "1"]
[White "nidusin2"]
[Black "timothysmall56"]
[Result "1-0"]
[WhiteElo "1669"]
[BlackElo "1740"]
[Opening "Neo-Grünfeld defense"]
[ECO "D70"]
[Time "19:43:22"]
[TimeControl "2700+45"]

1. d4 Nf6 2. c4 g6 3. Nf3 d5 4. cxd5 Nxd5 5. e4 Nb6 6. Nc3 Bg7 7. Be3 O-O 8. Be2
Nc6 9. O-O Bg4 10. d5 Bxf3 11. Bxf3 Ne5 12. Be2 Nbc4 13. Bxc4 Nxc4 14. Qe2 Nxe3
15. Qxe3 Bxc3 16. bxc3 Qd6 17. Rfd1 Qb6 18. Rd3 Qxe3 19. Rxe3 Rad8 20. Rb1 b6
21. c4 Rfe8 22. f4 e6 23. Kf2 exd5 24. cxd5 f5 25. exf5 Rxe3 26. Kxe3 gxf5 27.
Rc1 Rd7 28. Rc6 Kf7 29. Kd4 Re7 30. g3 Ke8 31. Rf6 Rf7 32. Rxf7 Kxf7 33. Ke5 a5
34. Kxf5 b5 35. Ke4 Kf6 36. g4 Ke7 37. Kd4 Kd6 38. f5 a4 39. g5 b4 40. Kc4 b3
41. axb3 axb3 42. Kxb3 Kxd5 43. f6 Ke6 44. Kc4 h6 45. h4 hxg5 46. hxg5 {Black
resigns} 1-0

[Event "Team 45 45 League T60"]
[Site "Internet Chess Club"]
[Date "2014.03.01"]
[Round "1"]
[White "Insan996"]
[Black "laotse"]
[Result "1-0"]
[WhiteElo "1651"]
[BlackElo "1669"]
[Opening "Queen's Pawn"]
[ECO "A41"]
[Time "13:00:42"]
[TimeControl "2700+45"]

1. d4 d6 2. Nf3 g6 3. e3 Bg7 4. Be2 Nf6 5. O-O O-O 6. b3 Re8 7. Bb2 Nbd7 8. c4
c6 9. h3 Qc7 10. Nc3 e5 11. dxe5 dxe5 12. Qc2 Nc5 13. Rfd1 Bf5 14. Qc1 a5 15.
Nh4 Be6 16. Nf3 Rad8 17. Nd2 Nd3 18. Qc2 Nxb2 19. Qxb2 h6 20. Nde4 Nxe4 21. Nxe4
f5 22. Nc5 Bf7 23. Rac1 e4 24. Qc2 Be5 25. a3 Bd6 26. b4 axb4 27. axb4 Qe7 28.
Rb1 Qe5 29. g3 Re7 30. Na4 g5 31. c5 Bc7 32. Bc4 f4 33. Bxf7+ Rxf7 34. exf4
Rxd1+ 35. Rxd1 gxf4 36. Re1 fxg3 37. fxg3 e3 38. Nc3 Rf2 39. Qg6+ Kf8 40. Qxh6+
Kf7 41. Qxe3 Qxg3+ 42. Qxg3 Bxg3 43. Re3 Bh4 44. Re4 Bg3 45. Rg4 Rf3 46. Ne4 Be5
47. Ng5+ {Black resigns} 1-0

[Event "Team 45 45 League T60"]
[Site "Internet Chess Club"]
[Date "2014.03.02"]
[Round "1"]
[White "kutch"]
[Black "Ajolote"]
[Result "1/2-1/2"]
[WhiteElo "1482"]
[BlackElo "1567"]
[Opening "QGD Slav: 4.e3 Bf5"]
[ECO "D12"]
[Time "14:00:32"]
[TimeControl "2700+45"]

1. d4 d5 2. c4 c6 3. Nf3 Nf6 4. e3 Bf5 5. Bd3 Bxd3 6. Qxd3 e6 7. O-O Be7 8. Nc3
O-O 9. e4 dxe4 10. Nxe4 c5 11. Rd1 cxd4 12. Bg5 Nxe4 13. Bxe7 Qxe7 14. Qxe4 Nc6
15. Ne5 Nxe5 16. Qxe5 Rad8 17. Rxd4 f6 18. Qe3 b6 19. Rad1 e5 20. Rd5 Rxd5 21.
Rxd5 Qc7 22. Qd3 Rc8 23. b3 Qc6 24. g3 Re8 25. Rd7 e4 26. Qd5+ Qe6 27. Qxe6+
Rxe6 28. Rxa7 Kf8 29. Kf1 Re7 30. Rxe7 Kxe7 31. Ke2 Kd6 32. b4 f5 33. a4 g5 34.
Ke3 h5 35. f4 g4 36. Kd4 Kc6 37. a5 bxa5 38. bxa5 Kb7 39. c5 Kc6 40. a6 Kc7 41.
Ke3 Kc6 42. Kd4 Kc7 {Game drawn by mutual agreement} 1/2-1/2

[Event "Team 45 45 League T60"]
[Site "Internet Chess Club"]
[Date "2014.03.02"]
[Round "1"]
[White "IndianPawn"]
[Black "TerryMalloy"]
[Result "0-1"]
[WhiteElo "1943"]
[BlackElo "1890"]
[Opening "English: Bremen, Smyslov system"]
[ECO "A22"]
[Time "09:03:21"]
[TimeControl "2700+45"]

1. c4 e5 2. Nc3 Nf6 3. g3 Bb4 4. Qb3 Nc6 5. e3 O-O 6. Bg2 Bxc3 7. bxc3 e4 8. Ne2
d6 9. Nf4 Rb8 10. d4 b6 11. Qc2 Ba6 12. Bxe4 Nxe4 13. Qxe4 Re8 14. Qf3 Na5 15.
O-O Nxc4 16. Re1 Bb7 17. Qe2 d5 18. Qd3 Qd6 19. e4 f6 20. Re2 Re7 21. Nxd5 Bxd5
22. Bf4 Qe6 23. Rae1 Bb7 24. d5 Ne5 25. Qe3 Qd7 26. h4 Ba6 27. Bxe5 Rxe5 28. Rd2
Rbe8 29. Qf4 f5 30. f3 fxe4 31. fxe4 Qe7 32. Rf2 Rf8 33. Qg4 Qc5 {White resigns}
0-1

[Event "Team 45 45 League T60"]
[Site "Internet Chess Club"]
[Date "2014.03.01"]
[Round "1"]
[White "Tamarin"]
[Black "gerailen0075"]
[Result "1/2-1/2"]
[WhiteElo "1910"]
[BlackElo "1939"]
[Opening "QGD: Charousek (Petrosian) variation"]
[ECO "D31"]
[Time "22:45:53"]
[TimeControl "2700+45"]

1. d4 e6 2. c4 d5 3. Nc3 Be7 4. cxd5 exd5 5. Bf4 c6 6. e3 Nf6 7. Bd3 O-O 8. Nf3
Nh5 9. Bg3 g6 10. O-O Nxg3 11. hxg3 f5 12. a3 Nd7 13. Rc1 Nf6 14. Qb3 Kg7 15.
Na4 Ng4 16. Be2 Bd6 17. Nc5 Bxc5 18. Rxc5 Qe7 19. Qc2 h6 20. b4 a6 21. a4 Rf6
22. b5 axb5 23. axb5 Bd7 24. bxc6 bxc6 25. Qc3 Re6 26. Ne5 Nxe5 27. dxe5 Qg5 28.
Ra1 Rxa1+ 29. Qxa1 Qe7 30. Qd4 Kf7 31. f4 h5 32. Qb4 Qf8 33. Qb6 Ke7 34. Ba6 Qd8
35. Qa7 Ke8 36. Bb7 Qc7 37. Qa8+ Qd8 38. Qa6 Qc7 39. Qa8+ {Game drawn by mutual
agreement} 1/2-1/2

[Event "Team 45 45 League T60"]
[Site "Internet Chess Club"]
[Date "2014.03.01"]
[Round "1"]
[White "pishd"]
[Black "TheFriedFox1"]
[Result "1-0"]
[WhiteElo "1788"]
[BlackElo "1595"]
[Opening "Queen's pawn: Torre attack"]
[ECO "A40"]
[Time "12:07:18"]
[TimeControl "2700+45"]

1. d4 e6 2. Nf3 Nf6 3. Bg5 Be7 4. Nbd2 O-O 5. e4 d5 6. e5 Nfd7 7. h4 h6 8. Bf4
c5 9. c3 Nc6 10. Bd3 Qb6 11. Qb3 Qxb3 12. axb3 cxd4 13. cxd4 f6 14. exf6 Nxf6
15. Bc7 Bd7 16. Ke2 Rac8 17. Be5 a6 18. Nb1 Nb4 19. Nc3 Nxd3 20. Kxd3 Ng4 21.
Bg3 Rc6 22. Rhe1 Bd6 23. Bxd6 Rxd6 24. Re2 Rb6 25. Ra3 Rc8 26. Kd2 Rbc6 27. Ne1
b5 28. Ra1 Rf8 29. f3 Nf6 30. Nd3 Bc8 31. Na2 a5 32. Ne5 Ra6 33. Nc3 b4 34. Na4
Re8 35. Nc5 Ra8 36. Ree1 Re7 37. Nc6 Rc7 38. Nxb4 Kf7 39. Nbd3 Raa7 40. Ne5+ Ke7
41. Ra3 Nd7 42. Nexd7 Bxd7 43. Rea1 a4 44. bxa4 {Black resigns} 1-0